 Dungeon Crawl Stone Soup version 0.21-a0-521-g1cd18d1 (webtiles) character file.

300 KristoblXynda the Sneak (level 6, -4/28 HPs)
             Began as a Spriggan Enchanter on Dec 5, 2017.
             Killed by nerve-wracking pain
             ... invoked by an orc priest
              (7 damage)
             ... on level 3 of the Dungeon.
             The game lasted 00:09:25 (3755 turns).

KristoblXynda the Sneak (Spriggan Enchanter)        Turns: 3755, Time: 00:09:26

Health: -4/28      AC:  3    Str:  5    XL:     6   Next: 13%
Magic:  0/14       EV: 18    Int: 17    God:
Gold:   141        SH:  0    Dex: 17    Spells: 9/15 levels left

rFire    . . .     SeeInvis +   a - +1 dagger
rCold    . . .     Gourm    .   (shield restricted)
rNeg     . . .     Faith    .   g - +1 robe
rPois    .         Spirit   .   (helmet restricted)
rElec    .         Reflect  .   (no cloak)
rCorr    .         Harm     .   (gloves unavailable)
MR       +....                  (boots unavailable)
Stlth    ++++......             (no amulet)
HPRegen  0.09/turn              (no ring)
MPRegen  0.14/turn              (no ring)

@: very slightly contaminated, very quick
A: very small, unfitting armour, see invisible, herbivore 3, speed 3, slow
metabolism 2
a: no special abilities


You were on level 3 of the Dungeon.
You were full.

You visited 1 branch of the dungeon, and saw 3 of its levels.

You collected 141 gold pieces.

Inventory:

Hand Weapons
 a - a +1 dagger (weapon)
Missiles
 b - 7 curare-tipped needles
 k - a throwing net (quivered)
Armour
 g - a +1 robe (worn)
Jewellery
 e - an uncursed amulet of rage {unknown}
 m - an uncursed amulet of magic regeneration {unknown}
Scrolls
 l - 2 scrolls of remove curse
 n - a scroll of enchant armour
 p - a scroll of magic mapping
Potions
 f - a potion of agility {unknown}
 i - 2 potions of berserk rage {unknown}
 j - a potion of degeneration {unknown}
 o - a potion of flight {unknown}
 q - a potion of curing {unknown}
Books
 c - a book of Maledictions

   Spells                             Type                      Level
   a - Corona                         Hexes                        1
   b - Ensorcelled Hibernation        Hexes/Ice                    2
   c - Confuse                        Hexes                        3
   d - Tukima's Dance                 Hexes                        3
   e - Dazzling Spray                 Conjuration/Hexes            3
Comestibles
 d - 2 bread rations
 h - a royal jelly


   Skills:
 - Level 1.1 Short Blades
 - Level 3.0 Dodging
 + Level 7.1 Stealth
 + Level 5.0 Spellcasting
 + Level 5.6 Hexes


You had 9 spell levels left.
You knew the following spells:

 Your Spells              Type           Power        Failure   Level  Hunger
a - Corona                Hex            ###....      1%          1    None
b - Ensorcelled Hibernat  Hex/Ice        ##....       7%          2    #......
c - Confuse               Hex            ###.....     4%          3    ###....


Dungeon Overview and Level Annotations

Branches:
Dungeon (3/15)

Altars:


Innate Abilities, Weirdness & Mutations

You are very small and have problems with some larger weapons.
You are too small for most types of armour.
You have supernaturally acute eyesight. (SInv)
You are a herbivore.
You cover ground extremely quickly.
You need consume almost no food.


Message History

Aim: an orc priest, wielding a short sword (chance to defeat MR: 52%)
You miscast Confuse.
You are very lightly contaminated with residual magic.
Your skin glows momentarily.
The orc priest mumbles some strange prayers to Beogh against you.
You resist with significant effort.
There isn't anything here!
Casting: Confuse
Confirm with . or Enter, or press ? or * to list all spells.
Aiming: Confuse
Press: ? - help, Shift-Dir - straight line, f/p - orc priest
Aim: an orc priest, wielding a short sword (chance to defeat MR: 52%)
The orc priest resists with significant effort.
The orc priest mumbles some strange prayers to Beogh against you.
Pain shoots through your body!
* * * LOW HITPOINT WARNING * * *
You closely miss the orc priest.
The orc priest calls down the wrath of Beogh upon you.
Pain shoots through your body!
You die...

#.. ###.#####...#
....#####...# #.#.#
..........#.# #.>.#
.....[..###.#####..##
###.###.# #........#
# #.# #........#
###.###.# ####.##..#
........# #o##..#
###.##..#####.#@#..#
#.##..##.).###...#
###......#.##.#.##.#
.........#.###.## .#
###..###...# #.#
##.###.### #.#
#.....# #.# ####.###
#.# #....#######.#


You could see an orc priest.

Vanquished Creatures
  A necrophage (D:2)
  An orc priest (D:3)
  An orc wizard (D:3)
  A worker ant (D:2)
  A gnoll (D:1)
  3 adders
  A worm (D:2)
  3 dart slugs
  2 leopard geckos (D:2)
  5 orcs (D:3)
  4 giant cockroaches
  11 goblins
  10 hobgoblins
  5 jackals
  6 kobolds
  10 bats
  12 frilled lizards
  6 rats
83 creatures vanquished.

Notes
Turn   | Place    | Note
-------+----------+-------------------------------------------
     0 | D:1      | KristoblXynda the Spriggan Enchanter began the quest for the Orb.
     0 | D:1      | Reached XP level 1. HP: 9/9 MP: 5/5
    83 | D:1      | Reached XP level 2. HP: 12/13 MP: 7/7
    87 | D:1      | Learned a level 2 spell: Ensorcelled Hibernation
   140 | D:1      | Reached skill level 5 in Stealth
   705 | D:1      | Reached XP level 3. HP: 10/16 MP: 8/8
   717 | D:1      | Learned a level 3 spell: Confuse
  2118 | D:2      | Reached XP level 4. HP: 16/21 MP: 7/10
  2447 | D:2      | Noticed a necrophage
  2461 | D:2      | Killed a necrophage
  2461 | D:2      | Reached skill level 6 in Stealth
  2461 | D:2      | Reached skill level 5 in Hexes
  2461 | D:2      | Reached XP level 5. HP: 24/24 MP: 7/12
  3455 | D:3      | Reached skill level 7 in Stealth
  3455 | D:3      | Reached skill level 5 in Spellcasting
  3455 | D:3      | Reached XP level 6. HP: 28/28 MP: 7/14
  3755 | D:3      | Killed from afar by an orc priest

Vault maps used:
D:1:      lemuel_arrival_broad_hall
D:2:      kennysheep_six_static_rooms, kennysheep_potato
D:3:      first_bread

Skill      XL: |  1  2  3  4  5 |
---------------+----------------+-----
Spellcasting   | 3 4 5 |  5.0
Hexes          | 4 5 |  5.6
Stealth        | 5 6 7 |  7.1
Short Blades   | |  1.1
Dodging        | |  3.0

Action                   |  1- 3 |  4- 6 || total
-------------------------+-------+-------++-------
Melee: Dagger            |   181 |   156 ||   337
 Cast: Ensorcelled Hiber |    20 |    26 ||    46
       Confuse           |     2 |     5 ||     7
  Use: Scroll            |       |     6 ||     6
 Stab: Sleeping          |    26 |    16 ||    42
       Confused          |       |     3 ||     3
  Eat: Royal jelly       |       |     1 ||     1
       Bread ration      |       |     1 ||     1
Armor: Robe              |    11 |    11 ||    22
Dodge: Dodged            |   135 |   111 ||   246

Table legend:
 A = Spawn XP
 B = Non-spawn XP
 C = Spawn XP percentage of total XP
 D = Spawn monster count
 E = Non-spawn monster count
 F = Spawn count percentage of total count
 G = Total turns spent on level
                    A         B        C        D         E        F      G
               +---------+---------+-------+---------+---------+-------+---------
         Total |       0 |     429 |   0.0 |       0 |      83 |   0.0 |  3755
               +---------+---------+-------+---------+---------+-------+---------
           D:1 |       0 |      65 |   0.0 |       0 |      31 |   0.0 |  1557
           D:2 |       0 |     247 |   0.0 |       0 |      40 |   0.0 |  1696
           D:3 |       0 |     117 |   0.0 |       0 |      12 |   0.0 |   502
               +---------+---------+-------+---------+---------+-------+---------
